 Dungeon Crawl Stone Soup version 0.30-a0-377-g5cb311bc9f (webtiles) character file.

Game seed: 7029965508712515963

2 PyroL the Grave Robber (level 1, -3/13 HPs)
             Began as a Demonspawn Necromancer on Nov 29, 2022.
             Slain by a quokka (4 damage)
             ... on level 1 of the Dungeon.
             The game lasted 00:00:12 (40 turns).

PyroL the Grave Robber (Demonspawn Necromancer)       Turns: 40, Time: 00:00:14

Health: -3/13      AC:  2    Str:  8    XL:     1   Next: 25%
Magic:  0/3        EV:  9    Int: 16    God:
Gold:   24         SH:  0    Dex: 13    Spells: 3/4 levels left

rFire   . . .      SeeInvis .    (no weapon)
rCold   . . .      Faith    .    (no shield)
rNeg    . . .      Spirit   .    a - +0 robe
rPois   .          Reflect  .    (no helmet)
rElec   .          Harm     .    (no cloak)
rCorr   .          Rampage  .    (no gloves)
Will    .....                    (no boots)
Stlth   ++........               (no amulet)
HPRegen 0.22/turn                (no ring)
MPRegen 0.08/turn                (no ring)

@: constricted
A: no striking features
a: no special abilities


You were on level 1 of the Dungeon.
You visited 1 branch of the dungeon, and saw 1 of its levels.

You collected 24 gold pieces.

Inventory:

Armour
 a - a +0 robe (worn)
Scrolls
 c - a scroll of poison {unknown}
Potions
 b - a potion of magic


   Skills:
 + Level 1.8 Dodging
 + Level 1.8 Stealth
 + Level 2.0 Spellcasting
 + Level 4.4 Necromancy


You had 3 spell levels left.
You knew the following spells:

 Your Spells              Type           Power      Damage    Failure   Level
a - Necrotise             Necr           60%        1d7       3%          1

Your spell library contained the following spells:

 Spells                   Type           Power      Damage    Failure   Level
 Vampiric Draining        Necr           15%        2d7       10%         3
 Animate Dead             Necr           15%        N/A       32%         4
 Agony                    Necr           15%        N/A       67%         5


Dungeon Overview and Level Annotations

Branches:
Dungeon (1/15)

Altars:


Message History

The rat writhes in agony.
Your hobgoblin skeleton barely misses the rat.
The ball python bites your hobgoblin skeleton.
The ball python grabs your hobgoblin skeleton.
The ball python constricts your hobgoblin skeleton.
The rat writhes in agony.
You kill the rat!
The dead are walking!
Your hobgoblin skeleton barely misses the ball python.
The ball python bites your hobgoblin skeleton.
The ball python constricts your hobgoblin skeleton.
You are out of magic!
The ball python bites your hobgoblin skeleton.
Your hobgoblin skeleton is destroyed!
The quokka attacks as you move away!
The quokka bites you but does no damage.
Your rat skeleton bites the quokka but does no damage.
There is an open door here.
Your rat skeleton bites the quokka but does no damage.
The quokka bites you. The ball python closely misses you.
The ball python barely misses you. The quokka bites you.
* * * LOW HITPOINT WARNING * * *
Your rat skeleton bites the quokka but does no damage.
The ball python barely misses you. The ball python grabs you.
The ball python constricts you.
The ball python's grasp on you weakens, but your attempt to escape fails.
The quokka barely misses you. The ball python bites you.
* * * LOW HITPOINT WARNING * * *
The ball python constricts you.
* * * LOW HITPOINT WARNING * * *
Your rat skeleton barely misses the quokka.
Sorry, you're not good enough to have a special ability.
You escape the ball python's grasp.
The quokka attacks as you move away! The quokka barely misses you.
The ball python bites you.
* * * LOW HITPOINT WARNING * * *
The ball python grabs you. The ball python constricts you.
* * * LOW HITPOINT WARNING * * *
The quokka bites you.
You die...

####.........##
......8.....8...
................
................
................
........)>......
................
......8.@...8...
......ZrS.....##
....##..........
##############'#########
..[...............#
#....#####.#####.#
#..>.# ##.'#
#....####'.#####.#
#+#................#


You could see a quokka (ally target), a ball python and a friendly rat skeleton.

Vanquished Creatures
  A hobgoblin (D:1)
  A rat (D:1)
2 creatures vanquished.

Notes
Turn   | Place    | Note
-------+----------+-------------------------------------------
     0 | D:1      | PyroL the Demonspawn Necromancer began the quest for the
                  | Orb.
     0 | D:1      | Reached XP level 1. HP: 13/13 MP: 3/3
    40 | D:1      | Slain by a quokka

Illustrated notes

Levels and vault maps discovered:
D:1:      shiori_angband_town, layout_basic, hangedman_decor_slide_cut,
          st_stairs_1, minmay_misc_feat_roman, serial_bayou_crossing

Action                   || total
-------------------------++-------
 Cast: Necrotise         ||     3
Armor: Robe              ||     1
Dodge: Dodged            ||     5

Table legend: (Time is in decaauts)
 A = Elapsed time spent in this place.
 B = Non-inter-level travel time spent in this place.
 C = Inter-level travel time spent in this place.
 D = Time resting spent in this place.
 E = Time spent auto-exploring this place.
 F = Levels seen in this place.
 G = Mean time per level.
                   A        B        C        D        E       F      G
               +--------+--------+--------+--------+--------+-----+--------+
         Total |     40 |     40 |      0 |      0 |     23 |   1 |   40.0 |
       Dungeon |     40 |     40 |      0 |      0 |     23 |   1 |   40.0 |
               +--------+--------+--------+--------+--------+-----+--------+

Top non-repeatable levels by time:
     D:1: 40 daAuts
